 Dungeon Crawl Stone Soup version 0.29.1-14-g9c671dbff4 (webtiles) character file.

Game seed: 6721026591814242220

9 Barneous the Charlatan (level 2, 0/21 HPs)
             Began as a Human Artificer on Feb 13, 2023.
             Killed from afar by a dart slug (1 damage)
             ... with a slug dart
             ... on level 1 of the Dungeon.
             The game lasted 00:01:43 (788 turns).

Barneous the Charlatan (Human Artificer)             Turns: 788, Time: 00:01:44

Health: 0/21       AC:  4    Str: 12    XL:     2   Next: 20%
Magic:  2/2        EV: 11    Int: 11    God:
Gold:   13         SH:  0    Dex: 13    Spells: 1/1 levels left

rFire   . . .      SeeInvis .   h - +0 short sword
rCold   . . .      Faith    .   (no shield)
rNeg    . . .      Spirit   .   b - +0 leather armour
rPois   .          Reflect  .   f - +0 helmet
rElec   .          Harm     .   (no cloak)
rCorr   +          Rampage  .   (no gloves)
Will    .....                   (no boots)
Stlth   +.........              (no amulet)
HPRegen 0.07/turn               g - ring of resist corrosion
MPRegen 0.08/turn               (no ring)

@: no status effects
A: mutation resistance 1
a: no special abilities


You were on level 1 of the Dungeon.
You visited 1 branch of the dungeon, and saw 1 of its levels.

You collected 13 gold pieces.

Inventory:

Hand Weapons
 h - a +0 short sword (weapon)
Armour
 b - a +0 leather armour (worn)
 f - a +0 helmet (worn)
Jewellery
 a - a ring of ice
 g - a ring of resist corrosion (left hand)
Wands
 c - a wand of flame (13) (quivered)
 d - a wand of charming (15)
 e - a wand of iceblast (5)


   Skills:
 + Level 1.2 Fighting
 + Level 2.1 Armour
 + Level 1.2 Dodging
 + Level 1.2 Stealth
 + Level 3.1 Evocations


You had one spell level left.
You didn't know any spells.
Your spell library was empty.

Dungeon Overview and Level Annotations

Branches:
Dungeon (1/15)

Altars:


Innate Abilities, Weirdness & Mutations

You are somewhat resistant to further mutation.


Message History

Welcome back, Barneous the Human Artificer.
Press ? for a list of commands and other information.
You closely miss the hobgoblin. The bat misses you. The hobgoblin hits you.
You hit the hobgoblin but do no damage. The bat barely misses you.
The hobgoblin hits you. The hobgoblin misses you.
You barely miss the hobgoblin. The hobgoblin barely misses you.
The dart slug bites you but does no damage.
You closely miss the hobgoblin. The hobgoblin misses you.
You closely miss the hobgoblin. The dart slug bites you.
The hobgoblin hits you but does no damage.
You closely miss the hobgoblin.
The hobgoblin hits you but does no damage.
The dart slug misses you.
You closely miss the hobgoblin.
The hobgoblin hits you but does no damage.
The dart slug misses you.
You barely miss the hobgoblin. The hobgoblin barely misses you.
You barely miss the hobgoblin. The hobgoblin hits you. The dart slug bites you.
You barely miss the hobgoblin. The hobgoblin hits you.
* * * LOW HITPOINT WARNING * * *
The dart slug barely misses you.
You closely miss the hobgoblin. The hobgoblin barely misses you.
The dart slug launches a dart at you. The slug dart hits you.
* * * LOW HITPOINT WARNING * * *
You hit the hobgoblin.
The hobgoblin is moderately wounded.
The hobgoblin hits you.
* * * LOW HITPOINT WARNING * * *
The dart slug barely misses you. The hobgoblin hits you.
* * * LOW HITPOINT WARNING * * *
You hit the hobgoblin.
The hobgoblin is severely wounded.
The hobgoblin hits you.
* * * LOW HITPOINT WARNING * * *
It was a potion of mutation.
You feel extremely strange.
You feel genetically stable. The dart slug launches a dart at you.
The slug dart hits you.
You die...

.......... #........# ........#
###### .......# ###### .....#
......# #..... ####.# .b...#
##.#### # #.###########gw..#
#...... # #..........##@...#
#...... # #.########.##....#
#...... # #.########.##....#
#...... # ...........##....####
##..... #
#.#####..........(##.##########
# #.
..........†.####........... #
#########†####.## #.##########
#####...# #.####.#####.#
......#.# #............#


You could see a dart slug, a hobgoblin and a bat.

Vanquished Creatures
  A bat (D:1)
  A hobgoblin (D:1)
  2 kobolds (D:1)
  A ball python (D:1)
  A frilled lizard (D:1)
  3 rats (D:1)
9 creatures vanquished.

Notes
Turn   | Place    | Note
-------+----------+-------------------------------------------
     0 | D:1      | Barneous the Human Artificer began the quest for the Orb.
     0 | D:1      | Reached XP level 1. HP: 15/15 MP: 1/1
   515 | D:1      | Reached XP level 2. HP: 21/21 MP: 2/2
   787 | D:1      | HP: 1/21 [hobgoblin (1)]
   788 | D:1      | Gained mutation: You are somewhat resistant to further
                  | mutation. [potion of mutation]
   788 | D:1      | Killed from afar by a dart slug

Illustrated notes

Levels and vault maps discovered:
D:1:      erik_arrival_blinker_ship, layout_basic,
          hellmonk_ecumenical_altar_inner_sanctum, minmay_door_square,
          minmay_rat_gold_closets

Action                   || total
-------------------------++-------
Melee: Short sword       ||    57
       Club              ||     8
Evoke: Wand              ||     2
  Use: Scroll            ||     2
       Potion            ||     1
 Stab: Sleeping          ||     1
Armor: Leather armour    ||    18
Dodge: Dodged            ||    52
